 Dungeon Crawl Stone Soup version 0.29.1-13-g9f3cf754e1 (webtiles) character file.

Game seed: 17683807806267678782

6 shadowmeld the Insei (level 2, 0/22 HPs)
             Began as a Djinni Transmuter on Jan 30, 2023.
             Slain by a rat (1 damage)
             ... on level 1 of the Dungeon.
             The game lasted 00:01:02 (549 turns).

shadowmeld the Insei (Djinni Transmuter)             Turns: 549, Time: 00:01:02

Health: 0/22       AC:  2    Str:  9    XL:     2   Next: 0%
Gold:   30         EV: 12    Int: 14    God:
                   SH:  0    Dex: 13

rFire   + + .      SeeInvis .     - Unarmed
rCold   x . .      Faith    .   (no shield)
rNeg    . . .      Spirit   .   a - +0 robe
rPois   ∞          Reflect  .   (helmet currently unavailable)
rElec   .          Harm     .   (no cloak)
rCorr   .          Rampage  .   (no gloves)
Will    .....                   (boots unavailable)
Stlth   +.........              (no amulet)
HPRegen 0.07/turn               (no ring)
MPRegen 0.00/turn               (no ring)

@: appendages (expiring), flying
A: horns 2, flying, sickness immunity, fire resistance 2, cold vulnerability 1,
float, innate caster, HP casting, extra vitality 1
a: End Transformation


You were on level 1 of the Dungeon.
You had temporarily grown beastly horns.
You visited 1 branch of the dungeon, and saw 1 of its levels.

You collected 30 gold pieces.

Inventory:

Armour
 a - a +0 robe (worn)
Scrolls
 c - a scroll of identify {unknown}
 d - a scroll of teleportation {unknown}
 e - a scroll of noise {unknown}
Potions
 b - a potion of lignification
 f - 2 potions of attraction {unknown}


   Skills:
 * Level 1.0 Fighting
 * Level 0.2 Armour
 * Level 2.2 Dodging
 * Level 3.2 Unarmed Combat
 * Level 1.6 Spellcasting


You couldn't memorise any spells.
You knew the following spells:

 Your Spells              Type           Power      Damage    Failure   Level
a - Beastly Appendage     Tmut           10%        N/A       13%         1
b - Wereblood             Tmut           5%         N/A       19%         2
c - Spider Form           Tmut/Pois      5%         N/A       36%         3
d - Ice Form              Ice/Tmut       5%         N/A       77%         4
Your spell library was empty.

Dungeon Overview and Level Annotations

Branches:
Dungeon (1/15)

Altars:


Innate Abilities, Weirdness & Mutations

You have temporarily grown beastly horns.
You are flying.
You are immune to sickness and miasma.
You are immune to poison.
Your flesh is very heat resistant. (rF++)
You are vulnerable to cold. (rC-)
You float through the air rather than walking.
You learn spells naturally, not from books.
Your magical power is your life essence.
You have superior vitality. (+4 MHP)


Message History

The goblin closely misses you.
You hit the goblin.
You kill the goblin!
You see here a +0 club.
Your horns disappear. 2 hobgoblins come into view.
Found 8 gold pieces.
A rat comes into view.
The hobgoblin shouts! x2
Casting: Beastly Appendage (safe; 13% risk of failure)
Confirm with . or Enter, or press ? or * to list all spells.
You grow a pair of large bovine horns.
You barely miss the hobgoblin. You hit the hobgoblin but do no damage.
Your headbutt misses the hobgoblin. The hobgoblin hits you.
You hit the hobgoblin but do no damage. The hobgoblin barely misses you.
You barely miss the hobgoblin.
Your transformation is almost over.
The hobgoblin misses you.
You hit the hobgoblin.
The hobgoblin is moderately wounded.
The hobgoblin hits you. x2
You hit the hobgoblin. You headbutt the hobgoblin.
The hobgoblin is almost dead.
The hobgoblin hits you. The hobgoblin barely misses you.
You hit the hobgoblin.
You kill the hobgoblin!
The hobgoblin closely misses you.
You have reached level 2!
You barely miss the hobgoblin. The rat bites you.
* * * LOW HITPOINT WARNING * * *
The hobgoblin hits you.
* * * LOW HITPOINT WARNING * * *
You barely miss the hobgoblin. The rat bites you.
* * * LOW HITPOINT WARNING * * *
The hobgoblin closely misses you.
You closely miss the rat. The rat bites you.
* * * LOW HITPOINT WARNING * * *
You hit the rat but do no damage. The rat bites you.
You die...

#.........#
####...####
#...# #...#
##.########
#..).....#
########.#
#####.#
#.@...#
#r#####
#†$..#
.....#
##....#
#.#.##
#....
......
####.##


You could see a rat.

Vanquished Creatures
  A dart slug (D:1)
  A goblin (D:1)
  A hobgoblin (D:1)
  A ball python (D:1)
4 creatures vanquished.

Notes
Turn   | Place    | Note
-------+----------+-------------------------------------------
     0 | D:1      | shadowmeld the Djinni Transmuter began the quest for the
                  | Orb.
     0 | D:1      | shadowmeld set off with the following spells memorised:
                  | Beastly Appendage, Wereblood, Spider Form, Ice Form.
     0 | D:1      | Reached XP level 1. HP: 17/17 MP: 0/0
   545 | D:1      | Reached XP level 2. HP: 8/22 MP: 0/0
   548 | D:1      | HP: 1/22 [rat (1)]
   549 | D:1      | Slain by a rat

Illustrated notes

Levels and vault maps discovered:
D:1:      co_arrival_random_square_maze, layout_loops_ring

Action                   || total
-------------------------++-------
Melee: Unarmed           ||    25
       Headbutt          ||     1
 Cast: Beastly Appendage ||     4
Armor: Robe              ||     2
Dodge: Dodged            ||    16
